 Dungeon Crawl Stone Soup version 0.26-a0-812-g31a745ddcd (webtiles) character file.

Game seed: 16834583479970590205

133 kae the Chopper (level 5, -1/47 HPs)
             Began as a Hill Orc Abyssal Knight on Dec 10, 2020.
             Was a Believer of Lugonu.
             Slain by an adder (2 damage)
             ... on level 3 of the Dungeon.
             The game lasted 00:01:59 (1816 turns).

kae the Chopper (Hill Orc Abyssal Knight)           Turns: 1816, Time: 00:02:00

Health: -1/47      AC:  7    Str: 16    XL:     5   Next: 16%
Magic:  7/7        EV: 11    Int: 12    God:    Lugonu [**....]
Gold:   138        SH:  0    Dex: 10    Spells: 4/4 levels left

rFire    . . .     SeeInvis .   a - +1 hand axe
rCold    . . .     Faith    .   (no shield)
rNeg     . . .     Spirit   .   d - +0 ring mail
rPois    .         Reflect  .   (no helmet)
rElec    .         Harm     .   (no cloak)
rCorr    +         Rampage  .   j - +0 pair of gloves
MR       .....                  c - +0 pair of boots
Stlth    ..........             (no amulet)
HPRegen  0.15/turn              n - ring of resist corrosion
MPRegen  0.10/turn              (no ring)

@: lethally poisoned (-1 -> -5), berserk cooldown, very slightly contaminated,
slowed, invisible, very slow
A: no striking features
a: Depart the Abyss, Bend Space, Renounce Religion


You were on level 3 of the Dungeon.
You worshipped Lugonu.
Lugonu was pleased with you.
You visited 1 branch of the dungeon, and saw 3 of its levels.
You visited the Abyss 1 time.

You collected 138 gold pieces.

Inventory:

Hand Weapons
 a - a +1 hand axe (weapon)
Armour
 b - a +0 leather armour
 c - a +0 pair of boots (worn)
 d - a +0 ring mail (worn)
 j - a +0 pair of gloves (worn)
Jewellery
 n - a ring of resist corrosion (left hand)
Scrolls
 f - 2 scrolls of fog
 h - 2 scrolls of teleportation
Potions
 k - a potion of might


   Skills:
 + Level 4.3 Fighting
 * Level 4.5 Axes
 + Level 3.0 Armour
 + Level 1.5 Dodging
 + Level 3.6 Invocations


You had 4 spell levels left.
You didn't know any spells.
Your spell library was empty.

Dungeon Overview and Level Annotations

Branches:
Dungeon (3/15)

Altars:
Cheibriados
Elyvilon
Gozag
Nemelex Xobeh
Okawaru
Uskayaw


Message History

You feel sick. The adder barely misses you. The adder bites you.
* * * LOW HITPOINT WARNING * * *
The rat closely misses you. The adder closely misses you.
You miss the adder.
The adder is almost dead.
You completely miss the rat.
* * * LOW HITPOINT WARNING * * *
You feel sick. The adder closely misses you. The rat closely misses you.
The adder closely misses you.
You fade further into invisibility.
* * * LOW HITPOINT WARNING * * *
You feel sick. The adder barely misses you. The rat barely misses you.
The adder barely misses you. The rat closely misses you.
You miss the adder.
The adder is almost dead.
You hit the rat.
* * * LOW HITPOINT WARNING * * *
You feel sick. The adder closely misses you. The rat closely misses you.
The adder bites you.
You die...

*,* *,*,***####..#...#.......
*,*******,*,*,,,.(...#...#.#.....
*,**,,,,,,*,*,####...#...#.#†####
*,**,******,*,#..#..[#...........
*,*,,,,,,,*,*,#..#)..#.......####
*,*,,**,*,*,*,#...)..#(.......>..
,,,,>,,,*,*,*,#...)#.)†..#.......
*,*,,**,*,*,*,#......(...########
,,,,,*,,,,*,*,#S@...#........,,,,
*,**,*,,*,#....r........#####****
*,**,*,,,...#.#.#.......#
*,**,*,,,.*,#.#....#.####******
*,**,*,*,,,,#,#.#.##.#*,,,,,,,*
*,**,*,,,,,,*,#.#.##.#*,*****,*
*,**,******,*,#.#.#*,**,* *,*,*
*,,*,,,,,,,,*,#.*.#*,**,***,*,*
**,**********,*,*,**,*,,,,,,*,*


You could see an adder and a rat.

Vanquished Creatures
  An orc priest (D:3)
  An orc wizard (D:3)
  2 adders
  2 dart slugs
  A leopard gecko (D:3)
  3 orcs (D:3)
  3 giant cockroaches
  8 goblins
  4 hobgoblins
  4 jackals (D:1)
  A quokka (D:2)
  3 ball pythons
  5 bats
  2 frilled lizards
  2 kobolds
  8 rats
50 creatures vanquished.

Notes
Turn   | Place    | Note
-------+----------+-------------------------------------------
     0 | Abyss:1  | kae the Hill Orc Abyssal Knight began the quest for the
                  | Orb.
     0 | Abyss:1  | Reached XP level 1. HP: 19/19 MP: 2/2
    49 | Abyss:1  | Noticed a starcursed mass
    68 | Abyss:1  | Noticed a large abomination
    74 | D:1      | Escaped the Abyss
   413 | D:1      | Reached XP level 2. HP: 27/27 MP: 3/3
   433 | D:1      | Reached skill level 1 in Dodging
   434 | D:1      | Reached * piety under Lugonu
   672 | D:1      | Reached XP level 3. HP: 26/33 MP: 5/5
  1626 | D:2      | Found a snail-covered altar of Cheibriados.
  1626 | D:2      | Found an opulent altar of Gozag.
  1626 | D:2      | Found an iron altar of Okawaru.
  1626 | D:2      | Found a sparkling altar of Nemelex Xobeh.
  1635 | D:2      | Found a white marble altar of Elyvilon.
  1635 | D:2      | Found a hide-covered altar of Uskayaw.
  1734 | D:3      | Reached XP level 4. HP: 40/40 MP: 6/6
  1799 | D:3      | Reached ** piety under Lugonu
  1799 | D:3      | Reached XP level 5. HP: 21/46 MP: 7/7
  1814 | D:3      | HP: 2/47 [poisoned by an adder]
  1816 | D:3      | Slain by an adder

Illustrated notes

Levels and vault maps discovered:
D:1:      co_arrival_square_in_a_square_in_a_square, layout_rooms
D:2:      layout_loops_ring, minmay_overflow_temple_hex
D:3:      layout_basic

Skill      XL: |  1  2  3  4 |
---------------+-------------+-----
Axes           | 3 4 |  4.5
Dodging        | 1 |  1.5
Fighting       | 4 |  4.3
Invocations    | 3 |  3.6
Armour         | 3 |  3.0

Action                   |  1- 3 |  4- 6 || total
-------------------------+-------+-------++-------
Melee: Hand axe          |   124 |    34 ||   158
Invok: Depart the Abyss  |     1 |       ||     1
  Use: Potion            |     1 |     3 ||     4
       Scroll            |     8 |       ||     8
 Stab: Invisible         |       |     3 ||     3
Armor: Ring mail         |    44 |    20 ||    64
       Leather armour    |     2 |       ||     2
Dodge: Dodged            |    67 |    38 ||   105

Table legend: (Time is in decaauts)
 A = Elapsed time spent in this place.
 B = Non-inter-level travel time spent in this place.
 C = Inter-level travel time spent in this place.
 D = Time resting spent in this place.
 E = Time spent auto-exploring this place.
 F = Levels seen in this place.
 G = Mean time per level.
                   A        B        C        D        E       F      G
               +--------+--------+--------+--------+--------+-----+--------+
         Total |   1836 |   1730 |    106 |    144 |   1220 |   4 |  459.0 |
       Dungeon |   1762 |   1656 |    106 |    144 |   1171 |   3 |  587.3 |
         Abyss |     74 |     74 |      0 |      0 |     49 |   1 |   74.0 |
               +--------+--------+--------+--------+--------+-----+--------+

Top non-repeatable levels by time:
     D:2: 834 daAuts
     D:1: 831 daAuts
     D:3: 96 daAuts
 Abyss:1: 74 daAuts
